[Event "Titled Tuesday Blitz January 03 Early 2023"]
[White "Ismagilov, Damir"]
[Black "Vifleemskaia, Svetlana"]
[WhiteFideId "34199982"]
[BlackFideId "4129490"]
[WhiteElo "2156"]
[BlackElo "1971"]
[Result "1-0"]
[Round "01"]
[TimeControl "180+2"]
[Date "2023.01.03"]
[WhiteClock "0:00:04"]
[BlackClock "0:00:02"]

1. e4 e5 2. Nf3 Nc6 3. Bb5 a6 4. Ba4 Nf6 5. O-O Be7 6. Re1 b5 7. Bb3 d6 8. c3 O-O 9. h3 Nd7 10. d4 Bf6 11. a4 Bb7 12. Qd3 b4 13. Nbd2 a5 14. Nf1 Ba6 15. Bc4 Qc8 16. Ng3 Ne7 17. Nh5 Nc6 18. Nxf6+ Nxf6 19. Bg5 Nd7 20. Rac1 h6 21. Be3 Nf6 22. Bxa6 Qxa6 23. Qxa6 Rxa6 24. d5 Nb8 25. Nd2 c5 26. cxb4 axb4 27. b3 Nbd7 28. f3 Nb6 29. Bf2 Ra5 30. g3 Nh5 31. Kg2 g6 32. Be3 g5 33. Rf1 Ng7 34. f4 exf4 35. gxf4 gxf4 36. Bxf4 Rd8 37. Bxh6 Ne8 38. Kh2 Kh7 39. Bg5 Rd7 40. Rf2 Ng7 41. Rcf1 Raa7 42. Bf6 Nh5 43. Rf5 Nxf6 44. Rxf6 Kg7 45. R6f5 Rab7 46. Rg1+ Kf8 47. Rh5 Ke7 48. Rh8 Rd8 49. Rxd8 Kxd8 50. h4 Ke7 51. h5 Rb8 52. Kh3 Rh8 53. Kh4 Nd7 54. Nf3 Nf6 55. Rg5 Nxe4 56. Rf5 Nf6 57. Kg5 Ne4+ 58. Kh4 Nf6 59. Nh2 Rh7 60. Ng4 Nxg4 61. Kxg4 f6 62. Kf4 Rg7 63. h6 Rh7 64. Rh5 Kf7 65. Kf5 Kg8 66. a5 c4 67. bxc4 b3 68. Rh2 Rb7 69. a6 Ra7 70. h7+ Kh8 71. Rb2 Rxa6 72. Rxb3 Kxh7 73. Kxf6 Ra4 74. Ke6 Rxc4 75. Rg3 1-0


[Site "https://www.chess.com"]

[Event "Titled Tuesday Blitz January 03 Early 2023"]
[White "Matveeva, Olga"]
[Black "Diaz Villagran, Robert"]
[WhiteFideId "24107018"]
[BlackFideId "3404056"]
[WhiteElo "2128"]
[BlackElo "2315"]
[Result "1/2-1/2"]
[Round "01"]
[TimeControl "180+2"]
[Date "2023.01.03"]
[WhiteClock "0:00:31"]
[BlackClock "0:00:50"]

1. d4 Nf6 2. c4 g6 3. Nf3 Bg7 4. g3 O-O 5. Bg2 d6 6. O-O c6 7. Nc3 Bf5 8. b3 Ne4 9. Bb2 Nxc3 10. Bxc3 Be4 11. Qd2 d5 12. Rac1 a5 13. Rfd1 e6 14. h4 Nd7 15. Ng5 Bxg2 16. Kxg2 Nf6 17. Qb2 h6 18. Nf3 Ne4 19. Be1 Qb6 20. e3 a4 21. b4 dxc4 22. Rxc4 Qb5 23. Rdc1 Qd5 24. a3 g5 25. hxg5 hxg5 26. Rc5 Nxc5 27. Rxc5 Qb3 28. Qc1 f6 29. e4 Rfd8 30. Rc3 Qa2 31. Rc2 Qb3 32. Rc3 Qa2 33. Rc2 Qb3 34. Rc3 1/2-1/2


[Site "https://www.chess.com"]

[Event "Titled Tuesday Blitz January 03 Early 2023"]
[White "Skliarov, Viktor"]
[Black "Slovineanu"]
[WhiteFideId "14106736"]
[WhiteElo "2383"]
[BlackElo "2294"]
[Result "1-0"]
[Round "01"]
[TimeControl "180+2"]
[Date "2023.01.03"]
[WhiteClock "0:01:32"]
[BlackClock "0:01:06"]

1. e4 e6 2. d4 d5 3. e5 c5 4. c3 b6 5. Bd3 Qd7 6. Ne2 Ba6 7. Bc2 Bxe2 8. Qxe2 Nc6 9. Be3 f6 10. f4 fxe5 11. fxe5 g6 12. O-O Bh6 13. dxc5 Bxe3+ 14. Qxe3 bxc5 15. Qxc5 Nge7 16. Na3 Nxe5 17. Nb5 Nf7 18. Nc7+ Kf8 19. Nxa8 Kg7 20. Qc7 1-0


[Site "https://www.chess.com"]

[Event "Titled Tuesday Blitz January 03 Early 2023"]
[White "Rosenberg, Evan S"]
[Black "Msellek, Ilyass"]
[WhiteFideId "2019299"]
[BlackFideId "675938"]
[WhiteElo "1956"]
[BlackElo "2420"]
[Result "1-0"]
[Round "01"]
[TimeControl "180+2"]
[Date "2023.01.03"]
[WhiteClock "0:00:15"]
[BlackClock "0:00:02"]

1. d4 f5 2. Bg5 Nf6 3. Bxf6 exf6 4. Nc3 d5 5. e3 Be6 6. g3 c6 7. Bg2 Bd6 8. Nge2 O-O 9. O-O Nd7 10. Nf4 Bf7 11. h4 Qb6 12. Rb1 Rfe8 13. Kh2 Qc7 14. Rg1 Nb6 15. b3 a5 16. a4 Nc8 17. Bf1 Kh8 18. Bd3 g6 19. Nce2 Bf8 20. c4 dxc4 21. Bxc4 Nd6 22. Bxf7 Qxf7 23. Nc3 Ne4 24. Nxe4 fxe4 25. Qc2 g5 26. hxg5 fxg5 27. Nh3 Qh5 28. Kg2 Qf3+ 29. Kh2 Qh5 30. Kg2 Bd6 31. Qd1 g4 32. Rh1 gxh3+ 33. Rxh3 Qxd1 34. Rxd1 Re7 35. Rdh1 Rf8 36. Rh5 Ref7 37. Kg1 Bb4 38. R1h4 Be1 39. Rf4 Rxf4 40. gxf4 Re8 41. Kf1 Bb4 42. Ke2 Kg7 43. f3 exf3+ 44. Kxf3 h6 45. e4 Kg6 46. Rh2 Rd8 47. Ke3 Bc3 48. f5+ Kh7 49. e5 Bxd4+ 50. Ke4 Kg7 51. f6+ Kf7 52. Rxh6 Rd5 53. Rh7+ Kg6 54. Rg7+ Kh6 55. Re7 Kg6 56. f7 Kg7 57. e6 Rd6 58. Re8 Rxe6+ 59. Rxe6 c5 60. Re7 b6 61. Kd5 Kf8 62. Rb7 Bf2 63. Ke6 Bh4 64. Rb8+ 1-0


[Site "https://www.chess.com"]

[Event "Titled Tuesday Blitz January 03 Early 2023"]
[White "Gilmanov, Mansur"]
[Black "Prudnykova, Olga"]
[WhiteFideId "4166868"]
[BlackFideId "14121093"]
[WhiteElo "2356"]
[BlackElo "2268"]
[Result "1-0"]
[Round "01"]
[TimeControl "180+2"]
[Date "2023.01.03"]
[WhiteClock "0:00:46"]
[BlackClock "0:00:43"]

1. d4 Nf6 2. Bg5 c5 3. Bxf6 gxf6 4. d5 Qb6 5. Qc1 f5 6. c4 Bg7 7. Nc3 d6 8. e3 Nd7 9. Nge2 Ne5 10. Ng3 e6 11. Be2 Qb4 12. O-O Nxc4 13. Rb1 Ne5 14. Nb5 O-O 15. Nxd6 Bd7 16. dxe6 fxe6 17. a3 Qa4 18. Rd1 b6 19. b3 Qh4 20. f4 Ng4 21. Bxg4 Qxg4 22. Ndxf5 exf5 23. Rxd7 Rfe8 24. Qd2 h5 25. Qd5+ Kh8 26. Nxf5 Rg8 27. Nxg7 Rxg7 28. Rxg7 Kxg7 29. Qxa8 1-0


[Site "https://www.chess.com"]

[Event "Titled Tuesday Blitz January 03 Early 2023"]
[White "Zia, Tahsin Tajwar"]
[Black "Khumalo, Keith"]
[WhiteFideId "10211888"]
[BlackFideId "14319470"]
[WhiteElo "2315"]
[BlackElo "2099"]
[Result "1/2-1/2"]
[Round "01"]
[TimeControl "180+2"]
[Date "2023.01.03"]
[WhiteClock "0:00:14"]
[BlackClock "0:01:05"]

1. d4 Nf6 2. c4 e6 3. Nc3 c5 4. d5 exd5 5. cxd5 d6 6. g3 a6 7. a4 g6 8. Bg2 Bg7 9. Nf3 O-O 10. O-O Re8 11. Bf4 h6 12. Qc1 g5 13. Bd2 Bf5 14. h4 g4 15. Ne1 Kh7 16. Nc2 Nbd7 17. Ne3 Bg6 18. Nc4 Nb6 19. Nxb6 Qxb6 20. a5 Qc7 21. Re1 b5 22. axb6 Qxb6 23. e4 Rab8 24. Na4 Qb7 25. e5 Rxe5 26. Rxe5 dxe5 27. d6 Qd7 28. Qxc5 Ne4 29. Bxe4 Bxe4 30. Nb6 Qf5 31. Ra3 Bb7 32. Re3 Qb1+ 33. Qc1 Qf5 34. d7 Qe6 35. Qc7 Qc6 36. Qxc6 Bxc6 37. Rc3 Bxd7 38. Nxd7 Rxb2 39. Be3 f5 40. Rc6 Rb4 41. Nf6+ Bxf6 42. Rxf6 f4 43. gxf4 exf4 44. Bxf4 Rb1+ 45. Kg2 h5 46. Rf5 Rb4 47. Rxh5+ Kg6 48. Rg5+ Kf6 49. Rxg4 Kf5 50. Kg3 Rb3+ 51. f3 Rb1 52. Rg5+ Kf6 53. Be5+ Ke6 54. f4 Kd5 55. h5 Ke4 56. h6 Rh1 57. Rg6 Rg1+ 58. Kf2 Rxg6 59. h7 Rh6 60. h8=Q Rxh8 61. Bxh8 Kxf4 62. Ke2 Ke4 63. Kd2 Kd5 64. Kc2 Kc4 65. Kb2 Kb5 66. Ka2 Ka4 67. Bc3 a5 68. Be1 Kb5 69. Bxa5 1/2-1/2


[Site "https://www.chess.com"]

[Event "Titled Tuesday Blitz January 03 Early 2023"]
[White "Lamaze, Simon"]
[Black "Grot, Blazej"]
[WhiteFideId "36069264"]
[BlackFideId "21835845"]
[WhiteElo "2363"]
[BlackElo "1990"]
[Result "1-0"]
[Round "01"]
[TimeControl "180+2"]
[Date "2023.01.03"]
[WhiteClock "0:00:59"]
[BlackClock "0:00:07"]

1. e4 c5 2. Nf3 e6 3. d4 cxd4 4. Nxd4 Nc6 5. Nc3 Qc7 6. Be3 a6 7. Qf3 d6 8. O-O-O Bd7 9. Be2 Rc8 10. Kb1 b5 11. a3 Be7 12. Qg3 g6 13. h4 h5 14. Ndxb5 axb5 15. Nxb5 Qb8 16. Nxd6+ Bxd6 17. Qxd6 Qxd6 18. Rxd6 Nf6 19. f3 Rc7 20. Rhd1 Ke7 21. Bg5 Rd8 22. f4 Rb8 23. e5 Rcb7 24. Bxf6+ Ke8 25. b3 Ne7 26. Bxe7 Kxe7 27. Bf3 Ra7 28. Kb2 Rc8 29. c4 Rb8 30. b4 Ba4 31. R1d4 Rc7 32. Kc3 Bb5 33. c5 Ra7 34. Kb2 Rc8 35. Rb6 Be8 36. c6 Rcc7 37. b5 Ra5 38. a4 Raa7 39. Kb3 f6 40. Kb4 fxe5 41. fxe5 Ra8 42. a5 Raa7 43. a6 Ra8 44. Rb7 Rc8 45. Rxc7+ Rxc7 46. Kc5 1-0


[Site "https://www.chess.com"]

[Event "Titled Tuesday Blitz January 03 Early 2023"]
[White "Zaksaite, Salomeja"]
[Black "Carnicelli, Valerio"]
[WhiteFideId "12801496"]
[BlackFideId "856185"]
[WhiteElo "2283"]
[BlackElo "2370"]
[Result "1-0"]
[Round "01"]
[TimeControl "180+2"]
[Date "2023.01.03"]
[WhiteClock "0:00:38"]
[BlackClock "0:00:25"]

1. e4 c5 2. Nf3 d6 3. d4 cxd4 4. Nxd4 Nf6 5. Nc3 a6 6. Bc4 e6 7. Bb3 Be7 8. O-O O-O 9. f4 b5 10. e5 Nfd7 11. exd6 Bxd6 12. Nxe6 Qb6+ 13. Nd4 Bc5 14. Be3 Nc6 15. Nd5 Bxd4 16. Nxb6 Bxe3+ 17. Kh1 Bxb6 18. Bd5 Bb7 19. Qf3 Nd4 20. Bxf7+ Rxf7 21. Qxb7 Raf8 22. c3 Nc2 23. Rad1 Nf6 24. Qxb6 Ng4 25. Rd8 Nce3 26. Rxf8+ Rxf8 27. Re1 Rxf4 28. h3 Nf2+ 29. Kg1 Nfd1 30. Rxe3 Nxe3 31. Qxe3 Rf6 32. Qe8+ Rf8 33. Qe6+ Kh8 34. Qxa6 1-0


[Site "https://www.chess.com"]

[Event "Titled Tuesday Blitz January 03 Early 2023"]
[White "Ingebretsen, Jens E"]
[Black "Dilmukhametov, Artur"]
[WhiteFideId "1522965"]
[BlackFideId "24179922"]
[WhiteElo "2342"]
[BlackElo "2276"]
[Result "1-0"]
[Round "01"]
[TimeControl "180+2"]
[Date "2023.01.03"]
[WhiteClock "0:00:14"]
[BlackClock "0:00:01"]

1. c4 c6 2. Nf3 d5 3. e3 Nf6 4. Nc3 a6 5. b3 Bg4 6. Bb2 e5 7. Be2 e4 8. Nd4 Bxe2 9. Qxe2 Nbd7 10. cxd5 cxd5 11. d3 Ne5 12. dxe4 dxe4 13. O-O Bb4 14. Rfd1 Qa5 15. Na4 O-O 16. a3 Be7 17. Nf5 Nf3+ 18. gxf3 Qxf5 19. fxe4 Nxe4 20. Nc3 Ng5 21. f4 Ne6 22. Qf3 Rad8 23. Nd5 Bc5 24. b4 Rxd5 25. Rxd5 Bxe3+ 26. Kh1 Qxf4 27. Qxf4 Nxf4 28. Rd7 b5 29. Bd4 Bxd4 30. Rxd4 Ne6 31. Rd6 Ra8 32. Rc1 g5 33. Rcc6 a5 34. Ra6 Rc8 35. bxa5 Nf4 36. Rd1 Rc3 37. Ra8+ Kg7 38. a6 Rxa3 39. a7 b4 40. Rf1 b3 41. Rb8 Rxa7 42. Rxb3 Ra2 43. Rg3 Kh6 44. h4 f6 45. Rb3 Kg6 46. hxg5 fxg5 47. Rb6+ Kh5 48. Rb3 Kh4 49. Rg1 h5 50. Rb4 1-0


[Site "https://www.chess.com"]

[Event "Titled Tuesday Blitz January 03 Early 2023"]
[White "Wieczorek, Zbigniew"]
[Black "Khripachenko, Alexander"]
[WhiteFideId "1102001"]
[BlackFideId "54184975"]
[WhiteElo "2150"]
[BlackElo "2110"]
[Result "0-1"]
[Round "01"]
[TimeControl "180+2"]
[Date "2023.01.03"]
[WhiteClock "0:01:17"]
[BlackClock "0:01:58"]

1. Nf3 d5 2. g3 Nf6 3. Bg2 g6 4. c4 Bg7 5. cxd5 Nxd5 6. O-O O-O 7. Nc3 Nb6 8. d4 Nc6 9. d5 Nb4 10. e4 f5 11. exf5 Bxf5 12. Nd4 Bxd4 13. Qxd4 Nc2 14. Qh4 Nxa1 15. Bg5 Nc2 16. Bxe7 Qd7 17. Bxf8 Rxf8 18. Rd1 Qd8 19. Qh6 Qf6 20. Qd2 Nc4 21. Qc1 Nd4 22. Kh1 Nd6 23. g4 Bxg4 0-1


[Site "https://www.chess.com"]

[Event "Titled Tuesday Blitz January 03 Early 2023"]
[White "Odegov, Artem"]
[Black "Schut, Han"]
[WhiteFideId "34183644"]
[BlackFideId "1005561"]
[WhiteElo "2261"]
[BlackElo "2101"]
[Result "1-0"]
[Round "01"]
[TimeControl "180+2"]
[Date "2023.01.03"]
[WhiteClock "0:01:23"]
[BlackClock "0:00:31"]

1. d4 Nf6 2. c4 g6 3. Nc3 d5 4. cxd5 Nxd5 5. e4 Nxc3 6. bxc3 Bg7 7. Bc4 c5 8. Ne2 Nc6 9. Be3 O-O 10. O-O Qc7 11. Rc1 Rd8 12. Qb3 Na5 13. Qa4 cxd4 14. cxd4 Nxc4 15. Rxc4 Qd7 16. Qb4 b5 17. Rc5 a6 18. Rfc1 Qe6 19. d5 Qe5 20. Bf4 Qb2 21. Qxb2 Bxb2 22. R1c2 Ba3 23. Rc7 Bd6 24. Bxd6 exd6 25. Nd4 Bd7 26. Rb7 Rdc8 27. Rxd7 Rxc2 28. Nxc2 Rc8 29. Ne3 Rc1+ 30. Nf1 Ra1 31. Rxd6 Rxa2 32. Rb6 Kf8 33. d6 Ke8 34. Rb7 Rb2 35. g3 a5 36. Ne3 a4 37. Ra7 Ra2 38. Nd5 Re2 39. Nf6+ Kf8 40. d7 Rd2 41. Nd5 1-0


[Site "https://www.chess.com"]

[Event "Titled Tuesday Blitz January 03 Early 2023"]
[White "Dinter, Brian"]
[Black "Maltsevskaya, Aleksandra"]
[WhiteFideId "14527570"]
[BlackFideId "24174041"]
[WhiteElo "2074"]
[BlackElo "2390"]
[Result "0-1"]
[Round "01"]
[TimeControl "180+2"]
[Date "2023.01.03"]
[WhiteClock "0:00:34"]
[BlackClock "0:00:36"]

1. d4 d6 2. Bf4 Nd7 3. Nf3 Ngf6 4. h3 g6 5. e3 Bg7 6. Be2 O-O 7. O-O b6 8. c4 Bb7 9. Nc3 Ne4 10. Qc2 Nxc3 11. bxc3 e5 12. Bh2 h5 13. Rab1 e4 14. Nd2 Qe7 15. c5 dxc5 16. Bxc7 Rac8 17. Bh2 cxd4 18. exd4 Bxd4 19. c4 e3 20. Nf3 exf2+ 21. Kh1 Be3 22. Bg3 Be4 23. Bd3 Bxf3 24. gxf3 Ne5 25. Bxf2 Bxf2 26. Rxf2 Qd7 27. Bf1 Rfe8 28. f4 Nxc4 29. Bxc4 Qxh3+ 30. Rh2 Qf3+ 31. Rg2 Kh7 32. Qb3 Qxf4 33. Bxf7 Re3 34. Bxg6+ Kh6 35. Qf7 Rh3+ 36. Kg1 Qe3+ 37. Qf2 Rc1+ 38. Rxc1 Qxc1+ 39. Qf1 Rh1+ 40. Kxh1 Qxf1+ 41. Kh2 Qxg2+ 42. Kxg2 Kxg6 0-1


[Site "https://www.chess.com"]

[Event "Titled Tuesday Blitz January 03 Early 2023"]
[White "Goroshkov, Maksym"]
[Black "Viskelis, Darius"]
[WhiteFideId "14142716"]
[BlackFideId "12800830"]
[WhiteElo "2287"]
[BlackElo "2166"]
[Result "0-1"]
[Round "01"]
[TimeControl "180+2"]
[Date "2023.01.03"]
[WhiteClock "0:00:20"]
[BlackClock "0:00:04"]

1. e4 c5 2. d4 cxd4 3. c3 e6 4. cxd4 d5 5. exd5 exd5 6. Nc3 Nc6 7. Nf3 Nf6 8. Bb5 Be7 9. Ne5 Bd7 10. Nxd7 Qxd7 11. O-O O-O 12. Re1 a6 13. Ba4 Rfe8 14. Bg5 h6 15. Bh4 Qf5 16. Bg3 Bb4 17. Be5 Ne4 18. Qc2 Rxe5 19. Bxc6 Nxc3 20. Qxf5 Rxf5 21. Bxb7 Ra7 22. Bc8 Rf6 23. bxc3 Bxc3 24. Re8+ Kh7 25. Rd1 a5 26. Rd3 Rc7 27. g4 Rf4 28. Kg2 Bxd4 29. Rf3 Rxf3 30. Kxf3 g6 31. Rd8 Rc2 32. Rxd5 Bxf2 33. Rxa5 Bg1 34. Bb7 Rf2+ 35. Kg3 Rxh2 36. Bd5 Rf2 37. Rb5 Kg7 38. Rb1 Rd2 39. Bxf7 Kxf7 40. Rxg1 Rxa2 41. Rb1 Ra3+ 42. Kg2 Kf6 43. Rb5 Re3 44. Kf2 Re5 45. Rb6+ Kg5 46. Kf3 Rc5 47. Rb3 Rc4 48. Rb5+ Kh4 49. Rb6 Rc3+ 50. Kf4 g5+ 51. Ke4 Kxg4 52. Rxh6 Rc4+ 53. Ke3 Rf4 54. Rg6 Rf7 55. Ke2 Kh4 56. Rh6+ Kg3 57. Rg6 g4 58. Rg8 Kh3 59. Rh8+ Kg2 60. Rg8 g3 61. Rh8 Kg1 62. Rh6 g2 63. Rg6 Rh7 64. Kf3 Kh1 65. Kf2 Rf7+ 66. Kg3 g1=Q+ 67. Kh3 Rf3+ 68. Kh4 Qd4+ 69. Kg5 Rg3+ 70. Kh6 Rxg6+ 71. Kxg6 Qf4 72. Kh7 Qg3 73. Kh8 Kg2 74. Kh7 Kf3 75. Kh8 Kf4 76. Kh7 Kf5 77. Kh8 Kf6 78. Kh7 Qg7# 0-1


[Site "https://www.chess.com"]

[Event "Titled Tuesday Blitz January 03 Early 2023"]
[White "Guzman Moneo, Alberto"]
[Black "Aloma Vidal, Robert"]
[WhiteFideId "2209616"]
[BlackFideId "2260409"]
[WhiteElo "2170"]
[BlackElo "2442"]
[Result "0-1"]
[Round "01"]
[TimeControl "180+2"]
[Date "2023.01.03"]
[WhiteClock "0:00:36"]
[BlackClock "0:01:08"]

1. e4 e5 2. Nf3 Nf6 3. Nxe5 d6 4. Nf3 Nxe4 5. Nc3 Nf6 6. d4 g6 7. Bg5 Bg7 8. Qd2 h6 9. Bf4 a6 10. Bd3 Nc6 11. h3 Ne7 12. O-O-O b5 13. Rhe1 Bb7 14. Ne4 Nfd5 15. Bh2 O-O 16. Kb1 b4 17. c4 bxc3 18. Nxc3 Rb8 19. Bc4 Nb6 20. Bb3 a5 21. Bc2 Ned5 22. Ne4 a4 23. Nc3 Nc4 24. Qe2 Nxb2 25. Kxb2 Ba6+ 0-1


[Site "https://www.chess.com"]

[Event "Titled Tuesday Blitz January 03 Early 2023"]
[White "Freitag, Manfred"]
[Black "Ankerst, Mihael"]
[WhiteFideId "1602004"]
[BlackFideId "14602369"]
[WhiteElo "2352"]
[BlackElo "2370"]
[Result "1-0"]
[Round "01"]
[TimeControl "180+2"]
[Date "2023.01.03"]
[WhiteClock "0:00:55"]
[BlackClock "0:00:34"]

1. e4 c5 2. Nf3 Qb6 3. c3 e6 4. d4 d5 5. e5 Bd7 6. Bd3 Bb5 7. dxc5 Bxc5 8. b4 Bf8 9. a4 Bxd3 10. Qxd3 Ne7 11. O-O Nf5 12. Na3 Be7 13. a5 Qc6 14. Nb5 O-O 15. Nbd4 Nxd4 16. Nxd4 Qc7 17. Re1 Nc6 18. Nb5 Nxe5 19. Qf1 Qb8 20. Bf4 f6 21. Qe2 Rc8 22. Rac1 Bd6 23. Bg3 Re8 24. Qh5 Nc4 25. Nxd6 Nxd6 26. c4 dxc4 27. Rxc4 e5 28. Rcc1 Nb5 29. f4 g6 30. Qh4 Nd4 31. fxe5 Nf5 32. Qxf6 Nxg3 33. hxg3 Qd8 34. Rf1 Qxf6 35. exf6 Rac8 36. f7+ 1-0


[Site "https://www.chess.com"]

[Event "Titled Tuesday Blitz January 03 Early 2023"]
[White "Lopez Del Alamo, Antonio"]
[Black "Ginzburg, Yakov"]
[WhiteFideId "2227339"]
[BlackFideId "4157176"]
[WhiteElo "2280"]
[BlackElo "2405"]
[Result "0-1"]
[Round "01"]
[TimeControl "180+2"]
[Date "2023.01.03"]
[WhiteClock "0:00:10"]
[BlackClock "0:00:23"]

1. e4 c5 2. Nf3 e6 3. d3 d5 4. Nbd2 Nc6 5. g3 Nf6 6. Bg2 Be7 7. O-O b6 8. Re1 Bb7 9. e5 Nd7 10. h4 Qc7 11. Qe2 g6 12. c3 d4 13. c4 h6 14. Nf1 g5 15. hxg5 hxg5 16. N1h2 O-O-O 17. Ng4 Rdg8 18. a3 Ba8 19. b4 Qb7 20. Bd2 Ncxe5 21. Ngxe5 Nxe5 22. Qxe5 Qxf3 23. Re4 Bxe4 24. Qxe4 Qxe4 25. Bxe4 g4 26. Bf4 Kd7 27. b5 Bd6 28. Bd2 f5 29. Bg2 Rf8 30. a4 f4 31. gxf4 Bxf4 32. Be1 g3 33. a5 gxf2+ 34. Bxf2 Bh2+ 35. Kf1 Bg3 36. Ra2 bxa5 37. Be4 Rxf2+ 38. Rxf2 Bxf2 39. Kxf2 a4 40. Bc6+ Kd6 41. b6 Kxc6 42. bxa7 a3 0-1


[Site "https://www.chess.com"]

[Event "Titled Tuesday Blitz January 03 Early 2023"]
[White "Sourath Biswas"]
[Black "Martin, Lewis"]
[WhiteFideId "35091484"]
[BlackFideId "410551"]
[WhiteElo "2281"]
[BlackElo "2135"]
[Result "1-0"]
[Round "01"]
[TimeControl "180+2"]
[Date "2023.01.03"]
[WhiteClock "0:00:13"]
[BlackClock "0:00:06"]

1. d4 d5 2. Bf4 e6 3. e3 Nf6 4. Nf3 Bd6 5. c3 O-O 6. Nbd2 c5 7. Ne5 Nc6 8. Bd3 Qc7 9. Ndf3 Ne4 10. O-O f6 11. Nxc6 Bxf4 12. exf4 bxc6 13. Qc1 Rb8 14. Re1 cxd4 15. cxd4 Nd6 16. b3 Bd7 17. Qc2 g6 18. Rac1 Nf5 19. Bxf5 exf5 20. g3 Rbe8 21. Qc5 Rxe1+ 22. Rxe1 Re8 23. Re7 Qd8 24. Rxe8+ Qxe8 25. Qxa7 h6 26. Qc7 g5 27. fxg5 hxg5 28. Qd6 Kg7 29. h3 Bc8 30. Qc7+ Kg6 31. h4 g4 32. Nd2 Qe1+ 33. Kg2 Ba6 34. Qf4 Bd3 35. a4 Bc2 36. a5 Qa1 37. b4 Bd3 38. Qe3 Qa3 39. Qe8+ Kg7 40. Qe7+ Kg6 41. Qe8+ Kg7 42. h5 f4 43. Qe7+ Kh6 44. Qxf6+ Kxh5 45. Qe5+ Kh6 46. Qxf4+ Kg7 47. Qxg4+ Kf7 48. Qf3+ Ke7 49. Qe3+ Kd7 50. Nf3 Qb3 51. Qxd3 Qxd3 52. Ne5+ 1-0


[Site "https://www.chess.com"]

[Event "Titled Tuesday Blitz January 03 Early 2023"]
[White "Md, Imran"]
[Black "Malek, Jan"]
[WhiteFideId "25748580"]
[BlackFideId "21864080"]
[WhiteElo "2284"]
[BlackElo "2370"]
[Result "0-1"]
[Round "01"]
[TimeControl "180+2"]
[Date "2023.01.03"]
[WhiteClock "0:01:12"]
[BlackClock "0:00:53"]

1. Nf3 b6 2. c4 Bb7 3. Nc3 e6 4. d4 Bb4 5. Qc2 Nf6 6. Bg5 h6 7. Bxf6 Qxf6 8. a3 Bxc3+ 9. Qxc3 O-O 10. g3 c5 11. O-O-O Bxf3 12. Qxf3 Qxf3 13. exf3 cxd4 14. Rxd4 Rd8 15. f4 Nc6 16. Rd6 Rac8 17. b3 Kf8 18. Kb2 Ke7 19. Rd2 Na5 20. Bg2 Rc7 21. Rhd1 Rb8 22. Ka2 b5 23. c5 b4 24. Rd4 bxa3 25. Kxa3 Nxb3 26. Rb1 Nxd4 27. Rxb8 0-1


[Site "https://www.chess.com"]

[Event "Titled Tuesday Blitz January 03 Early 2023"]
[White "De La Colina, Nicolas"]
[Black "Samaganova, Aleksandra"]
[WhiteFideId "30946921"]
[BlackFideId "13800221"]
[WhiteElo "2244"]
[BlackElo "1856"]
[Result "1-0"]
[Round "01"]
[TimeControl "180+2"]
[Date "2023.01.03"]
[WhiteClock "0:00:09"]
[BlackClock "0:00:02"]

1. e4 c5 2. Nf3 e6 3. d3 Nc6 4. g3 Nf6 5. Bg2 d5 6. Qe2 Be7 7. O-O O-O 8. e5 Nd7 9. c4 Nb6 10. h4 h6 11. h5 f6 12. Nc3 d4 13. exf6 Bxf6 14. Ne4 e5 15. Nxc5 Bg4 16. Qe4 Bxh5 17. Ne6 Qd7 18. Nxf8 Rxf8 19. Bd2 Ne7 20. Nxe5 Bxe5 21. Qxe5 Bg6 22. Qe2 Nc6 23. Rfe1 Qf5 24. Be4 Qf6 25. Bxg6 Qxg6 26. Qe6+ Qxe6 27. Rxe6 Rf3 28. Bf4 Rxd3 29. b3 Nb4 30. Re7 Nc2 31. Rf1 Rc3 32. Be5 Kf8 33. Rxb7 Rf3 34. Bxg7+ Ke8 35. Rd1 d3 36. Bxh6 Nd7 37. Rxa7 Ne5 38. Kg2 Nd4 39. Bg5 Kf8 40. Be7+ Ke8 41. Bg5 Ng4 42. Be3 Nxe3+ 43. fxe3 Rxe3 44. c5 Re2+ 45. Kf1 Nf3 46. Rxd3 Rb2 47. Rxf3 1-0


[Site "https://www.chess.com"]

[Event "Titled Tuesday Blitz January 03 Early 2023"]
[White "Bobomurodova, Maftuna"]
[Black "Karttunen, Mika"]
[WhiteFideId "14207400"]
[BlackFideId "502081"]
[WhiteElo "1946"]
[BlackElo "2490"]
[Result "0-1"]
[Round "01"]
[TimeControl "180+2"]
[Date "2023.01.03"]
[WhiteClock "0:00:20"]
[BlackClock "0:00:21"]

1. e4 c5 2. Nf3 d6 3. d4 cxd4 4. Nxd4 Nf6 5. Nc3 a6 6. Bg5 e6 7. f4 Qb6 8. Qd2 Qxb2 9. Rb1 Qa3 10. f5 Nc6 11. fxe6 fxe6 12. Be2 Qc5 13. Be3 Nxd4 14. Bxd4 Qc6 15. Bf3 e5 16. Be3 Be7 17. O-O O-O 18. Rb6 Qc7 19. Rfb1 Kh8 20. Nd5 Nxd5 21. exd5 Qc4 22. Be2 Qh4 23. R6b4 e4 24. g3 Qh3 25. Rxe4 Bf6 26. Bf1 Qf5 27. Rf4 Qg6 28. Bd3 Qh5 29. Rbf1 Bh3 30. R1f2 Rae8 31. Rh4 Bxh4 32. Bf4 Bf6 33. Kh1 Bd4 0-1


[Site "https://www.chess.com"]

[Event "Titled Tuesday Blitz January 03 Early 2023"]
[White "Atakhan, Abtin"]
[Black "Koridze, Lile"]
[WhiteFideId "22502203"]
[BlackFideId "13612514"]
[WhiteElo "2422"]
[BlackElo "2191"]
[Result "1-0"]
[Round "01"]
[TimeControl "180+2"]
[Date "2023.01.03"]
[WhiteClock "0:02:18"]
[BlackClock "0:01:21"]

1. Nf3 Nf6 2. c4 e6 3. Nc3 b6 4. g3 Bb7 5. Bg2 Be7 6. O-O O-O 7. b3 d5 8. e3 Nbd7 9. Bb2 c5 10. Qe2 dxc4 11. bxc4 Rc8 12. Rfd1 a6 13. Rab1 Qc7 14. Ba1 Nb8 15. d3 Nc6 16. Ne1 Rfd8 17. Qb2 Nd7 18. Nd5 Bf6 19. Nxf6+ gxf6 20. Nf3 Rb8 21. Nh4 Ba8 22. f4 b5 23. Qe2 f5 24. Qh5 Nf8 25. Qh6 1-0


[Site "https://www.chess.com"]

[Event "Titled Tuesday Blitz January 03 Early 2023"]
[White "Suleymanli, Suleyman"]
[Black "De Arruda, Leandro Formes"]
[WhiteFideId "13416375"]
[BlackFideId "22722009"]
[WhiteElo "2269"]
[BlackElo "1980"]
[Result "1-0"]
[Round "01"]
[TimeControl "180+2"]
[Date "2023.01.03"]
[WhiteClock "0:02:17"]
[BlackClock "0:00:04"]

1. Nf3 d5 2. g3 Nf6 3. Bg2 g6 4. O-O Bg7 5. d4 O-O 6. c4 c6 7. cxd5 cxd5 8. Nc3 Nc6 9. Ne5 Be6 10. Bf4 Nh5 11. Nxc6 bxc6 12. Be5 Bxe5 13. dxe5 f5 14. exf6 Nxf6 15. Qd2 Qc8 16. Rac1 Rd8 17. Rfd1 Qa6 18. Qd4 Rac8 19. Na4 Qxe2 20. Re1 Qg4 21. Qxg4 Bxg4 22. Rxe7 Rd7 23. Rxd7 Bxd7 24. Nc5 Bf5 25. h3 Rb8 26. g4 Bc8 27. b3 Kf7 28. Nd3 Bd7 29. Ne5+ Ke6 30. Nxc6 Bxc6 31. Rxc6+ Kf7 32. Rc7+ Ke6 33. Rxa7 Rc8 34. Bf3 Rc1+ 35. Kg2 d4 36. Ra6+ Ke5 37. g5 Nh5 38. Ra5+ Kf4 39. Rd5 d3 40. Rxd3 Kxg5 41. Bxh5 Kxh5 42. a4 Rb1 43. Rd5+ Kh6 44. Rb5 Ra1 45. a5 Rb1 46. b4 Ra1 47. Rb6 Rb1 48. a6 Rxb4 49. Rxb4 1-0


[Site "https://www.chess.com"]

[Event "Titled Tuesday Blitz January 03 Early 2023"]
[White "monkins"]
[Black "Papp, Levente"]
[BlackFideId "751243"]
[WhiteElo "2242"]
[BlackElo "2353"]
[Result "0-1"]
[Round "01"]
[TimeControl "180+2"]
[Date "2023.01.03"]
[WhiteClock "0:00:51"]
[BlackClock "0:00:55"]

1. Nf3 Nf6 2. c4 e6 3. g3 Be7 4. Bg2 O-O 5. O-O d5 6. d3 Nc6 7. Nbd2 d4 8. a3 a5 9. Rb1 a4 10. b4 axb3 11. Qxb3 Bc5 12. a4 Qe7 13. Ra1 Bd7 14. Ba3 Ra7 15. Bxc5 Qxc5 16. Qb5 Qe7 17. Ne5 Nxe5 18. Qxe5 c5 19. Rfb1 Bc6 20. Bxc6 bxc6 21. Rb6 Nd7 22. Qe4 Nxb6 23. Qxc6 Qc7 24. Qb5 Rfa8 25. Ne4 Nd7 26. a5 Rxa5 0-1


[Site "https://www.chess.com"]